 Dungeon Crawl Stone Soup version 0.19-a0-944-gb338e1e (webtiles) character file.

6480 beholder the Covert (level 11, -8/72 HPs)
             Began as a Halfling Assassin on July 4, 2016.
             Was a Follower of Uskayaw.
             Mangled by a yak (25 damage)
             ... on level 1 of the Lair of Beasts on July 8, 2016.
             The game lasted 01:55:37 (10329 turns).

beholder the Covert (Halfling Assassin)            Turns: 10329, Time: 01:55:37

Health: -8/72      AC:  9    Str: 11    XL:     11   Next: 19%
Magic:  12/15      EV: 18    Int: 10    God:    Uskayaw [*.....]
Gold:   371        SH:  0    Dex: 20    Spells: 4 memorised, 12 levels left

rFire  + . .     SeeInvis .     x - +1 dagger (chaos)
rCold  . . .     Gourm    .     Z - +2 leather armour {rF+}
rNeg   . . .     Faith    .     (shield restricted)
rPois  +         Spirit   .     V - +1 hat
rElec  .         Dismiss  .     d - +0 cloak
rCorr  .         Reflect  .     a - +0 pair of gloves
SustAt .         Harm     .     (no boots)
MR     +....                    (no amulet)
Stlth  +++++.....               M - ring of poison resistance
                                u - ring of protection from magic

@: very slightly contaminated, hasted, very quick, somewhat resistant to hostile
enchantments, quite stealthy
A: mutation resistance 1
a: Stomp, Renounce Religion


You were on level 1 of the Lair of Beasts.
You worshipped Uskayaw.
Uskayaw was aware of your devotion.
You were hungry.

You visited 3 branches of the dungeon, and saw 12 of its levels.

You collected 386 gold pieces.
You spent 15 gold pieces at shops.

Inventory:

Hand Weapons
 b - a +0 blowgun
 x - a +1 dagger of chaos (weapon)
 R - a +2 vampiric rapier
 W - a +1 dagger of holy wrath
Missiles
 e - 37 poisoned needles
 k - a throwing net
 o - 5 tomahawks (quivered)
 H - 2 curare-tipped needles
Armour
 a - a +0 pair of gloves (worn)
 d - a +0 cloak (worn)
 C - a +0 robe of the Archmagi
 L - the +1 pair of gloves of Petof {Int+7 Slay-4}
   (You found it on level 4 of the Dungeon)

   It affects your intelligence (+7).
   It affects your accuracy and damage with ranged weapons and melee attacks
   (-4).
 V - a +1 hat (worn)
 Z - a +2 leather armour of fire resistance (worn)
Jewellery
 u - a ring of protection from magic (left hand)
 y - an uncursed ring of fire
 M - a ring of poison resistance (right hand)
Wands
 I - a wand of iceblast (7/15)
 K - a wand of disintegration (7/24)
 O - a wand of flame (32/48)
 U - a wand of iceblast (2/15)
 X - a wand of random effects (28/48)
Scrolls
 h - 2 scrolls of amnesia {unknown}
 j - a scroll of magic mapping {unknown}
 l - 5 scrolls of teleportation
 n - 5 scrolls of remove curse
 t - 3 scrolls of enchant weapon {unknown}
 w - 3 scrolls of blinking {unknown}
 N - a scroll of holy word {unknown}
 P - 3 scrolls of recharging {unknown}
 Q - a scroll of immolation {unknown}
 S - a scroll of random uselessness {unknown}
Potions
 c - a potion of resistance
 f - a potion of brilliance
 i - 3 potions of curing
 m - 2 potions of berserk rage
 s - a potion of flight {unknown}
 v - 4 potions of lignification
 A - a potion of cure mutation
 B - 3 potions of haste
 E - 3 potions of agility
 F - a potion of cancellation
 G - a potion of mutation {unknown}
 J - 2 potions of might
Books
 Y - a book of Alchemy

   Spells                             Type                      Level
   a - Sublimation of Blood           Necromancy                   2
   b - Ignite Poison                  Fire/Transmutation/Poison    3
   c - Petrify                        Transmutation/Earth          4
   d - Alistair's Intoxication        Transmutation/Poison         5
   e - Irradiate                      Conjuration/Transmutation    5
Comestibles
 g - 9 bread rations
 p - 4 meat rations
 q - 18 fruits
 r - 3 beef jerkies
 D - a royal jelly


   Skills:
 - Level 5.3 Fighting
 - Level 9.0 Short Blades
 - Level 5.5 Throwing
 + Level 5.6 Armour
 + Level 5.8 Dodging
 + Level 9.4 Stealth
 - Level 3.0 Spellcasting
 - Level 2.0 Hexes
 - Level 2.0 Summonings
 - Level 2.1 Necromancy
 - Level 2.0 Translocations
 + Level 4.7 Invocations


You had 12 spell levels left.
You knew the following spells:

 Your Spells              Type           Power        Failure   Level  Hunger
a - Apportation           Tloc           #.........   17%         1    #......
c - Confusing Touch       Hex            #.....       17%         1    #......
m - Summon Small Mammal   Summ           #...         17%         1    #......
s - Animate Skeleton      Necr           N/A          17%         1    #......


Dungeon Overview and Level Annotations

Branches:
Dungeon (9/15)             Temple (1/1) D:5            Lair (2/6) D:9
  Swamp: Lair:2-4    Shoals: Lair:2-4     Snake: Lair:2-4    Spider: Lair:2-4
    Orc: D:9-12

Altars:
Ashenzari
Cheibriados
Dithmenos
Elyvilon
Fedhas
Gozag
Hepliaklqana
Kikubaaqudgha
Makhleb
Nemelex Xobeh
Okawaru
Pakellas
Qazlal
Ru
Sif Muna
Trog
Uskayaw
Vehumet
Xom
Yredelemnul
Zin
The Shining One

Shops:
D:4 (   D:8 }!


Innate Abilities, Weirdness & Mutations

You are small and have problems with some larger weapons.
You are somewhat resistant to further mutation.


Message History

You hit the yak.
The yak goes berserk!
The yak is lightly wounded.
The yak gores you!
* * * LOW HITPOINT WARNING * * *
You take 10 damage, and have 14/72 hp.
You feel much better. The yak gores you!
* * * LOW HITPOINT WARNING * * *
The yak completely misses you.
All of the chunks of flesh in your inventory have rotted away.
You regained 4 hp, and now have 18/72 hp.
Okay, then.
You feel yourself speed up. The yak gores you.
* * * LOW HITPOINT WARNING * * *
You are very lightly contaminated with residual magic.
A river rat comes into view.
You take 1 damage, and have 17/72 hp.
You barely miss the yak.
The yak is lightly wounded.
The yak gores you!!
You die...

........#####..###...
.....................
.....####.###....<..#
#.#..# ### ##......#
#....## ### ####..##
##..#..####.# .P.## .##
...#..#...## ..... ...#
#..#..#{..####......#
...###..#.@#......#.#.....
#......#.#YF.r..#[##.....#
#..#....##rt(....# .
#...............#..#
##....#.####.+#..#
##.......# .#.....#
#......#.......r..#
##...P.#.(..#......#
#.....#....##..8..#


You could see a yak (berserk), a crocodile, a giant frog and 3 river rats.

Vanquished Creatures
  Pikel (D:6)
  A manticore (D:7)
  A two-headed ogre (D:9)
  Grinder (D:5)
  3 blink frogs (D:9)
  A spriggan (D:7)
  Sigmund (D:3)
  Eustachio (D:6)
  A yak (Lair:1)
  2 humans (D:8)
  Menkaure (D:5)
  6 orc warriors
  A necrophage (D:9)
  2 ice beasts
  A wasp (D:9)
  2 phantoms (D:4)
  2 ogres
  A crocodile (D:9)
  2 centaurs
  Blork the orc (D:5)
  5 giant frogs
  A wyvern zombie (D:6)
  2 scorpions
  4 wights
  A centaur zombie (D:7)
  2 crimson imps (D:6)
  4 orc priests
  A jelly (D:6)
  A giant frog zombie (D:7)
  3 hounds
  12 orc wizards
  An iguana (D:4)
  Natasha (thrice) (D:2)
  3 worker ants
  A hound zombie (D:9)
  3 hound skeletons
  A worker ant zombie (D:5)
  7 adders
  7 gnolls
  8 river rats (Lair:1)
  2 shadow imps (D:5)
  3 adder zombies
  3 adder skeletons
  2 worms (D:3)
  A dart slug (D:1)
  6 giant geckos
  37 orcs
  6 bats
  4 giant cockroaches
  11 goblins
  8 hobgoblins
  12 jackals
  7 kobolds
  3 quokkas
  2 ball pythons (D:2)
  4 giant newts
  A jackal skeleton (D:5)
  A jackal zombie (D:7)
  2 quokka skeletons
  9 rats
226 creatures vanquished.

Vanquished Creatures (collateral kills)
  A spiny frog (D:9)
  A water moccasin (Lair:1)
  A giant frog (D:9)
  An orc wizard (D:9)
  A shadow imp (D:9)
  An orc (D:9)
  A jackal (D:9)
7 creatures vanquished.

Vanquished Creatures (others)
  3 slaves (D:6)
  A quasit (D:6)
  A jelly (D:7)
  A hound (D:4)
  3 orcs (D:6)
9 creatures vanquished.

Grand Total: 242 creatures vanquished

Notes
Turn   | Place    | Note
-------+----------+-------------------------------------------
     0 | D:1      | beholder the Halfling Assassin began the quest for the Orb.
     0 | D:1      | Reached XP level 1. HP: 14/14 MP: 1/1
   107 | D:1      | Reached XP level 2. HP: 19/19 MP: 2/2
   391 | D:1      | Reached XP level 3. HP: 24/24 MP: 3/3
   670 | D:2      | Noticed Natasha
   675 | D:2      | Killed Natasha
   675 | D:2      | Reached XP level 4. HP: 29/29 MP: 4/4
   784 | D:2      | Noticed Natasha
   802 | D:2      | Killed Natasha
   802 | D:2      | Reached skill level 5 in Stealth
  1166 | D:2      | Upgraded the game from 0.19-a0-892-g8a19e52 to 0.19-a0-926-g4486784
  1263 | D:2      | Noticed Natasha
  1278 | D:2      | Killed Natasha
  1278 | D:2      | Reached XP level 5. HP: 34/34 MP: 5/5
  1292 | D:2      | Found a bloodstained altar of Trog.
  1426 | D:2      | Found a shimmering altar of Xom.
  1760 | D:3      | Found an opulent altar of Gozag.
  1951 | D:3      | Noticed Sigmund
  1961 | D:3      | Killed Sigmund
  1961 | D:3      | Reached skill level 5 in Short Blades
  1961 | D:3      | Reached XP level 6. HP: 39/39 MP: 6/6
  2917 | D:4      | Reached XP level 7. HP: 41/45 MP: 7/7
  3299 | D:4      | Reached skill level 5 in Throwing
  3405 | D:4      | Found a glowing golden altar of the Shining One.
  3552 | D:4      | Found Ninneur's Weapon Shoppe.
  3703 | D:4      | Found a shadowy altar of Dithmenos.
  3740 | D:4      | Got a pair of scorched gloves
  3751 | D:4      | Identified the +1 pair of gloves of Petof {Int+7 Slay-4} (You found it on level 4 of the Dungeon)
  3790 | D:4      | Found a deep blue altar of Sif Muna.
  4085 | D:5      | Entered Level 5 of the Dungeon
  4182 | D:5      | Noticed Menkaure
  4405 | D:5      | Noticed Grinder
  4407 | D:5      | Noticed Blork the orc
  4431 | D:5      | Killed Blork the orc
  4431 | D:5      | Reached XP level 8. HP: 36/52 MP: 8/8
  4432 | D:5      | Paralysed by Grinder for 4 turns
  4440 | D:5      | Killed Grinder
  4509 | D:5      | Found an iron altar of Okawaru.
  4509 | D:5      | Found a sacrificial altar of Ru.
  4510 | D:5      | Found a hazy altar of Hepliaklqana.
  4554 | D:5      | Killed Menkaure
  4700 | D:5      | Found a staircase to the Ecumenical Temple.
  4748 | Temple   | Entered the Ecumenical Temple
  5061 | D:5      | Reached skill level 1 in Armour
  5380 | D:6      | Reached XP level 9. HP: 47/58 MP: 9/9
  6306 | D:6      | Noticed Eustachio
  6355 | D:6      | Killed Eustachio
  6744 | D:6      | Noticed Pikel
  6842 | D:6      | Killed Pikel
  6842 | D:6      | Reached skill level 5 in Fighting
  7257 | D:7      | Noticed a manticore
  7319 | D:7      | Reached XP level 10. HP: 66/66 MP: 10/10
  7359 | D:7      | Reached skill level 5 in Dodging
  7578 | D:7      | Killed a manticore
  7578 | D:7      | Reached skill level 5 in Armour
  7615 | D:7      | Learned a level 1 spell: Animate Skeleton
  7617 | D:7      | Learned a level 1 spell: Apportation
  7619 | D:7      | Learned a level 1 spell: Confusing Touch
  7621 | D:7      | Learned a level 1 spell: Summon Small Mammal
  7639 | D:7      | Found an oddly glowing altar of Pakellas.
  7639 | D:7      | Noticed an orange crystal statue
  7755 | D:7      | Reached skill level 1 in Hexes
  7852 | D:7      | Reached skill level 1 in Summonings
  7852 | D:7      | Reached skill level 1 in Necromancy
  7852 | D:7      | Reached skill level 1 in Translocations
  8166 | D:8      | Found a hide-covered altar of Uskayaw.
  8176 | D:8      | Became a worshipper of Uskayaw the Reveler
  8225 | D:8      | Found an iron altar of Okawaru.
  8229 | D:8      | Reached * piety under Uskayaw
  8365 | D:8      | Found Ateust's Gadget Shop.
  8381 | D:8      | Upgraded the game from 0.19-a0-926-g4486784 to 0.19-a0-934-gf1df8d1
  8392 | D:8      | Found Ereifos's Distillery.
  8449 | D:8      | Bought a potion of degeneration for 15 gold pieces
  8465 | D:8      | Reached skill level 1 in Spellcasting
  8467 | D:8      | Reached ** piety under Uskayaw
  9047 | D:9      | Found a staircase to the Lair.
  9055 | D:9      | Upgraded the game from 0.19-a0-934-gf1df8d1 to 0.19-a0-944-gb338e1e
  9061 | D:9      | Noticed a spiny frog
  9076 | D:9      | Reached skill level 1 in Invocations
  9266 | D:9      | Killed a spiny frog
  9275 | D:9      | Reached XP level 11. HP: 52/72 MP: 12/14
 10042 | Lair:1   | Entered Level 1 of the Lair of Beasts
 10329 | Lair:1   | Mangled by a yak

Vault maps used:
D:1:      onia_arrival_pentagram
D:2:      bloody_trog, tgw_xom, uniq_natasha
D:3:      grunt_gozag_statues, first_bread, grunt_ministairs_7,
          hangedman_feature_mirror, uniq_sigmund
D:4:      lemuel_crystal_altar, grunt_dithmenos_shadows, led_sif_pool,
          serial_shops, nicolae_shop_trees, bh_chokoban,
          hangedman_decor_riveting
D:5:      gammafunk_temple_overflow_claw, uniq_blork_the_orc, uniq_menkaure,
          uniq_grinder
D:6:      minivault_26, uniq_eustachio, uniq_pikel
D:7:      the_bakery, gammafunk_pakellas_statue_experiment
D:8:      eat_drink_and_be_merry_uskayaw, serial_shops, shop, shop,
          okawaru_humans
D:9:      dpeg_lair_monsters
Temple:   hc_temple_tempest_star
Lair:1:   grunt_megastairs_3
Lair:2:   elwin_shoals_entry_stream

Skill      XL: |  1  2  3  4  5  6  7  8  9 10 11 |
---------------+----------------------------------+-----
Fighting       | 2 3 4 5 |  5.3
Short Blades   | 3 4 5 6 7 8 9 |  9.0
Throwing       | 3 4 5 |  5.5
Stealth        | 5 6 7 8 9 |  9.4
Armour         | 1 4 5 |  5.6
Dodging        | 2 4 5 |  5.8
Hexes          | 2 |  2.0
Summonings     | 2 |  2.0
Necromancy     | 2 |  2.1
Translocations | 2 |  2.0
Spellcasting   | 2 3 |  3.0
Invocations    | 3 4 |  4.7

Action                   |  1- 3 |  4- 6 |  7- 9 | 10-12 || total
-------------------------+-------+-------+-------+-------++-------
Melee: Dagger            |    13 |   136 |   286 |   233 ||   668
 Fire: Blowgun           |    16 |    53 |   121 |   165 ||   355
Throw: Tomahawk          |     8 |    11 |     9 |    10 ||    38
 Cast: Animate Skeleton  |       |       |       |    19 ||    19
Invok: Stomp             |       |       |       |     1 ||     1
       Line Pass         |       |       |       |     1 ||     1
Evoke: Wand              |       |       |    15 |    12 ||    27
  Use: Scroll            |       |     9 |     3 |     2 ||    14
       Potion            |       |       |       |     2 ||     2
 Stab: Sleeping          |     3 |    12 |     9 |    11 ||    35
       Distracted        |       |     1 |       |       ||     1
       Petrified         |       |     1 |       |       ||     1
       Paralysed         |       |       |     2 |     1 ||     3
       Confused          |       |       |     2 |     1 ||     3
  Eat: Chunk             |       |     6 |    13 |     8 ||    27
       Fruit             |       |       |     1 |       ||     1
       Pizza             |       |       |       |     1 ||     1
Armor: Robe              |     8 |    12 |       |     3 ||    23
       Animal skin       |       |     9 |       |       ||     9
       Leather armour    |       |    12 |    52 |    40 ||   104
Dodge: Dodged            |     9 |    53 |   155 |   158 ||   375
